 Dungeon Crawl Stone Soup version 0.30-a0-946-gec5dcfc036 (webtiles) character file.

Game seed: 18401654903569746353

952 tilp the Firebug (level 8, -12/68 HPs)
             Began as a Meteoran Fire Elementalist on Mar 26, 2023.
             Was an Initiate of Vehumet.
             Shot with a sling bullet by Joseph (14 damage)
             ... on level 8 of the Dungeon.
             The game lasted 00:12:40 (2195 turns).

tilp the Firebug (Meteoran Fire Elementalist)       Turns: 2195, Time: 00:12:41

Health: -12/68     AC: 12    Str:  9    XL:     8   Next: 62%
Magic:  2/14       EV: 13    Int: 20    God:    Vehumet [......]
Gold:   183        SH:  0    Dex: 14    Spells: 7/14 levels left

rFire   + . .      SeeInvis .    a - +2 dagger (venom)
rCold   . . .      Faith    .    (no shield)
rNeg    . . .      Spirit   .    y - +2 robe {rF+}
rPois   .          Reflect  .    (no helmet)
rElec   .          Rampage  .    (no cloak)
rCorr   .                        (no gloves)
Will    +....                    (no boots)
Stlth   +                        (no amulet)
HPRegen 0.31/turn                v - +4 ring of protection
MPRegen 0.14/turn                o - +4 ring of protection

@: glowing
A: sense surroundings 1, otherworldly, glowing, explore regen
a: Renounce Religion


You were on level 8 of the Dungeon.
You worshipped Vehumet.
Vehumet was noncommittal.
You visited 2 branches of the dungeon, and saw 9 of its levels.
You also visited: Sewer.

You collected 183 gold pieces.

Inventory:

Hand Weapons
 a - a +2 dagger of venom (weapon)
 b - a +2 vampiric dagger
 e - a +1 sling of flaming
 m - a +0 scimitar
Missiles
 f - 6 poisoned darts (quivered)
 k - 15 stones
Armour
 n - a +3 ring mail of poison resistance
 y - a +2 robe of fire resistance (worn)
 z - a +1 ring mail of cold resistance
Jewellery
 g - a ring of positive energy
 o - a +4 ring of protection (right hand)
 t - a ring of willpower
 v - a +4 ring of protection (left hand)
Wands
 l - a wand of charming (6)
Scrolls
 d - a scroll of enchant armour
 i - a scroll of teleportation
Potions
 c - 3 potions of might
 h - a potion of attraction {unknown}
 j - 2 potions of magic
 p - a potion of curing {unknown}
 q - 2 potions of resistance
 r - a potion of flight {unknown}
 s - a potion of lignification {unknown}
 w - a potion of haste {unknown}
 x - 3 potions of heal wounds


   Skills:
 * Level 5.0 Fighting
 - Level 2.0 Throwing
 + Level 4.6 Dodging
 - Level 1.4 Stealth
 + Level 3.8 Spellcasting
 * Level 3.9 Conjurations
 * Level 6.9 Fire Magic
 - Level 2.0 Evocations


You had 7 spell levels left.
You knew the following spells:

 Your Spells              Type           Power      Damage    Failure   Level
a - Foxfire               Conj/Fire      100%       2x1d9     1%          1
b - Scorch                Fire           62%        2d8       1%          2
c - Flame Wave            Conj/Fire      25%        2d8       14%         4

Your spell library contained the following spells:

 Spells                   Type           Power      Damage    Failure   Level
 Kiss of Death            Conj/Necr      44%        2d8       6%          1
 Momentum Strike          Conj/Tloc      22%        3d8       9%          2
 Inner Flame              Hex/Fire       17%        N/A       10%         3
 Freeze                   Ice            12%        1d3       13%         1
 Kindle Blastsparks       Fire/Tloc/Air  26%        2d12      16%         3
 Hailstorm                Conj/Ice       11%        3d5       17%         3
 Blink                    Tloc           6%         N/A       21%         2
 Lesser Beckoning         Tloc           6%         N/A       21%         2
 Confusing Touch          Hex            3%         N/A       36%         3
 Frozen Ramparts          Ice            6%         1d1       36%         3
 Dispel Undead            Necr           3%         3d7       78%         4
 Ice Form                 Ice/Tmut       3%         N/A       78%         4
 Summon Ice Beast         Ice/Summ       3%         N/A       78%         4


Dungeon Overview and Level Annotations

Branches:
Dungeon (8/15) Zot: 2786   Temple (1/1) D:7 Zot: 546   Sewer (visited)
   Lair: D:8-11

Altars:
Ashenzari
Cheibriados
Dithmenos
Elyvilon
Hepliaklqana
Makhleb
Okawaru
Qazlal
Ru
Uskayaw
Vehumet
Wu Jian
Xom
Zin
The Shining One

Annotations:
D:8 Joseph


Innate Abilities, Weirdness & Mutations

You passively map a small area around you.
You are easily found by Zot.
You glow in the dark.
You regain HP and MP as you explore.


Message History

A howler monkey comes into view.
Joseph closely misses you.
Unknown command.
A wave of flame ripples out!
The flame wave engulfs Joseph but does no damage.
Joseph is severely wounded.
You finish channelling waves of flame.
You hear a roar! x2
Joseph barely misses you.
Unknown command.
Joseph zaps a wand.
Your mind is blasted!
Unknown command.
Casting: Flame Wave (dangerous; 14% risk of failure)
Confirm with . or Enter, or press ? or * to list all spells.
Flames lash Joseph.
Joseph is severely wounded.
Joseph's fire resistance burns away.
Joseph hits you with a +0 quarterstaff.
Unknown command.
Casting: Scorch (safe; 1% risk of failure)
Confirm with . or Enter, or press ? or * to list all spells.
Flames lash Joseph.
Joseph is burned terribly!
Joseph is almost dead.
The howler monkey hoots and howls with incredible vigour!
Joseph zaps a wand.
Your mind is blasted!
* * * LOW HITPOINT WARNING * * *
You hear a roar! x3; You hear a shout! x2
Casting: Scorch (safe; 1% risk of failure)
Confirm with . or Enter, or press ? or * to list all spells.
You conjure some foxfire!
The howler monkey hits you but does no damage.
Joseph hits you with a +0 quarterstaff!
* * * LOW HITPOINT WARNING * * *
Unknown command.
Your foxfire dissipates!
The foxfire hits Joseph.
Joseph is burned terribly!
Joseph is almost dead.
The howler monkey barely misses you.
Joseph unwields a +0 quarterstaff.
Joseph wields a +0 sling.
Joseph shoots a sling bullet.
The sling bullet hits you!
You die...

* ,,* , * * * ,
* , *
###.########.#
......@.h....#
###.###.@###.#
# * #.<# * ,
##. #..# *
....##..#
#.#.....##### *
..........[.#.#
....§§§§§.§...#
, ,
§.≈§≈§§§§≈§....
§≈≈≈≈§≈≈§≈≈≈...


You could see Joseph (combustible) and a howler monkey.

Vanquished Creatures
  A steam dragon (D:7)
  Pargi (Sewer)
  A water moccasin (D:7)
  A sky beast (D:6)
  A black bear (D:7)
  An ice beast (D:5)
  A bullfrog (D:6)
  A scorpion (D:7)
  A sleepcap (D:5)
  Ijyb (D:4)
  2 iguanas
  An orc wizard (D:7)
  3 adders
  A worm (D:2)
  A dart slug (D:1)
  An orc (D:6)
  2 ball pythons
  3 bats
  3 endoplasms
  9 goblins
  3 hobgoblins
  6 jackals
  2 quokkas
  A kobold (D:4)
  A rat (D:1)
49 creatures vanquished.

Vanquished Creatures (collateral kills)
  A water moccasin (D:7)
  2 orcs (D:7)
3 creatures vanquished.

Vanquished Creatures (others)
  53 foxfires
  28 fungi (D:8)
  32 plants (D:8)
113 creatures vanquished.

Grand Total: 165 creatures vanquished

Notes
Turn   | Place    | Note
-------+----------+-------------------------------------------
     0 | D:1      | tilp the Meteoran Fire Elementalist began the quest for the
                  | Orb.
     0 | D:1      | Reached XP level 1. HP: 14/14 MP: 5/5
   140 | D:1      | Reached XP level 2. HP: 16/22 MP: 2/6
   141 | D:1      | Reached skill level 1 in Fighting
   203 | D:2      | Reached skill level 4 in Fire Magic
   210 | D:2      | Learned a level 2 spell: Scorch
   219 | D:2      | Reached XP level 3. HP: 28/28 MP: 4/8
   396 | D:4      | Reached XP level 4. HP: 35/35 MP: 5/9
   456 | D:4      | Noticed Ijyb
   486 | D:4      | Killed Ijyb
   608 | D:5      | Entered Level 5 of the Dungeon
   645 | D:5      | Learned a level 4 spell: Flame Wave
   767 | D:6      | Noticed a sky beast
   776 | D:6      | Killed a sky beast
   777 | D:6      | Reached skill level 5 in Fire Magic
   777 | D:6      | Reached XP level 5. HP: 34/45 MP: 6/10
   777 | D:6      | Reached XP level 6. HP: 38/51 MP: 6/11
  1047 | D:6      | Found a glowing drain.
  1052 | Sewer    | Entered a sewer
  1077 | Sewer    | Noticed Pargi
  1083 | Sewer    | Killed Pargi
  1084 | Sewer    | Reached skill level 6 in Fire Magic
  1084 | Sewer    | Reached XP level 7. HP: 59/59 MP: 9/12
  1542 | D:7      | Noticed a steam dragon
  1545 | D:7      | Noticed a water moccasin
  1553 | D:7      | Killed a water moccasin
  1554 | D:7      | Reached skill level 1 in Throwing
  1554 | D:7      | Reached skill level 1 in Evocations
  1554 | D:7      | Noticed a water moccasin
  1555 | D:7      | Killed a steam dragon
  1556 | D:7      | Reached XP level 8. HP: 22/67 MP: 0/14
  1811 | D:7      | Reached skill level 5 in Fighting
  2049 | D:7      | Found a staircase to the Ecumenical Temple.
  2098 | Temple   | Entered the Ecumenical Temple
  2098 | Temple   | Found a transporter.
  2098 | Temple   | Found a transporter.
  2100 | Temple   | Found a transporter.
  2100 | Temple   | Found a transporter.
  2133 | Temple   | Became a worshipper of Vehumet
  2179 | D:8      | Noticed Joseph
  2194 | D:8      | HP: 2/68 [Joseph/+0 quarterstaff (15)]
  2195 | D:8      | Shot with a sling bullet by Joseph

Illustrated notes

Levels and vault maps discovered:
D:1:      heliophobic_arrival_ceremonial_halls, layout_basic
D:2:      layout_loops_ring, kennysheep_generic_room_16
D:3:      layout_loops_ring, shapermc_ecumenical_altar_mp_vishouse
D:4:      kennysheep_the_goblin_king, layout_loops_ring, hangedman_decor_lopped,
          grunt_ministairs_1, chequers_avenue, uniq_ijyb
D:5:      layout_gridville, mainiacjoe_overflow_24_doors
D:6:      layout_basic, yredelemnul_altar_generic, old_standard_altar,
          mainiacjoe_overflow_cross_hatched, portal_sewer_entry_e
D:7:      layout_basic, minmay_temple_entry_arrows, serial_bayou_ford_a,
          bh_walls_and_bars
D:8:      layout_loops_ring, chequers_temple_overflow_minitemple,
          due_lair_maze_entry_diamond, minmay_lindwurm_lava, uniq_joseph
Temple:   hellmonk_temple_divided_pantheon

Skill      XL: |  1  2  3  4  5  6  7  8 |
---------------+-------------------------+-----
Fighting       | 1 3 4 5 |  5.0
Fire Magic     | 4 5 6 |  6.9
Spellcasting   | 3 |  3.8
Dodging        | 3 4 |  4.6
Conjurations   | 2 3 |  3.9
Throwing       | 1 2 |  2.0
Evocations     | 1 2 |  2.0
Stealth        | |  1.4

Action                     |  1- 3 |  4- 6 |  7- 9 || total
---------------------------+-------+-------+-------++-------
  Melee: Unarmed           |     2 |       |       ||     2
         Scimitar          |     9 |       |       ||     9
         Dagger            |       |    31 |    20 ||    51
   Cast: Foxfire           |    18 |     3 |    13 ||    34
         Scorch            |    13 |    15 |    20 ||    48
         Flame Wave        |       |       |     2 ||     2
  Evoke: Wand              |       |       |     1 ||     1
    Use: Scroll            |       |       |     7 ||     7
 Armour: Robe              |     5 |     2 |    17 ||    24
  Dodge: Dodged            |    22 |    18 |    26 ||    66

Table legend: (Time is in decaauts)
 A = Elapsed time spent in this place.
 B = Non-inter-level travel time spent in this place.
 C = Inter-level travel time spent in this place.
 D = Time resting spent in this place.
 E = Time spent auto-exploring this place.
 F = Levels seen in this place.
 G = Mean time per level.
                   A        B        C        D        E       F      G
               +--------+--------+--------+--------+--------+-----+--------+
         Total |   2207 |   1941 |    266 |    162 |      0 |  10 |  220.7 |
       Dungeon |   2012 |   1766 |    246 |    160 |      0 |   8 |  251.5 |
        Temple |     53 |     33 |     20 |      0 |      0 |   1 |   53.0 |
         Sewer |    140 |    140 |      0 |      2 |      0 |   1 |  140.0 |
               +--------+--------+--------+--------+--------+-----+--------+

Top non-repeatable levels by time:
     D:7: 495 daAuts
     D:6: 473 daAuts
     D:4: 259 daAuts
     D:5: 237 daAuts
     D:8: 195 daAuts
     D:1: 170 daAuts
   Sewer: 140 daAuts
     D:3: 102 daAuts
     D:2: 77 daAuts
  Temple: 53 daAuts
